 Dungeon Crawl Stone Soup version 0.27-a0-1359-ga2a4dfd6fd (webtiles) character file.

Game seed: 9808777222073928546

234748 porpoise the Slayer (level 18, -1/184 HPs)
             Began as a Minotaur Berserker on June 28, 2021.
             Was the Champion of Trog.
             Shot with an arrow by a satyr (14 damage)
             ... on level 4 of the Shoals.
             The game lasted 03:09:56 (59987 turns).

porpoise the Slayer (Minotaur Berserker)           Turns: 59987, Time: 03:09:56

Health: -1/184     AC: 32    Str: 27    XL:     18   Next: 89%
Magic:  17/17      EV: 15    Int:  5    God:    Trog [******]
Gold:   1463       SH:  0    Dex: 20    Spells: 17/17 levels left

rFire    + + .     SeeInvis +   a - +3 battleaxe (flame)
rCold    + . .     Faith    +   (shield currently unavailable)
rNeg     . . .     Spirit   .   P - +5 crystal plate armour
rPois    +         Reflect  .   N - +0 hat "Ytsiseet" {rElec Dex+4 SInv}
rElec    +         Harm     .   L - scarf {rC+ rF+}
rCorr    .         Rampage  .   O - +0 pair of gloves
Will     .....                  i - +0 pair of boots
Stlth    ..........             M - amulet "Uwkil" {Faith rPois rF+ Dex+4}
HPRegen  0.40/turn              d - ring of flight
MPRegen  0.15/turn              D - +4 ring of slaying

@: weak-willed, afraid, marked, flying, mesmerised
A: horns 2, retaliatory headbutt
}: 1/15 runes: serpentine
a: Renounce Religion, Berserk, Trog's Hand, Brothers in Arms


You were on level 4 of the Shoals.
You worshipped Trog.
Trog was exalted by your worship.
You visited 5 branches of the dungeon, and saw 31 of its levels.
You visited the Abyss 1 time.
You also visited: Sewer, Ossuary, Bailey and Volcano.

You collected 4345 gold pieces.
You spent 2882 gold pieces at shops.

Inventory:

Hand Weapons
 a - a +3 battleaxe of flaming (weapon)
 b - a +2 longbow of flaming
Missiles
 m - 34 javelins
 B - 803 arrows
 G - 5 curare-tipped darts (quivered)
 J - 2 boomerangs of dispersal
Armour
 i - a +0 pair of boots (worn)
 L - a scarf of resistance (worn)
 N - the +0 hat "Ytsiseet" (worn) {rElec Dex+4 SInv}
   (You acquired it on level 2 of the Dungeon)

   Dex:       It affects your dexterity (+4).
   rElec:     It insulates you from electricity.
   SInv:      It lets you see invisible.
 O - a +0 pair of gloves (worn)
 P - a +5 crystal plate armour (worn)
Jewellery
 c - a ring of ice
 d - a ring of flight (left hand)
 k - a +4 ring of protection
 D - a +4 ring of slaying (right hand)
 M - the amulet "Uwkil" (around neck) {Faith rPois rF+ Dex+4}
   (You acquired it on level 6 of the Dungeon)

   [amulet of faith]

   It allows you to gain divine favour quickly.Dex: It affects your dexterity
   (+4).
   rF:        It protects you from fire.
   rPois:     It protects you from poison.
 U - a ring of willpower
 V - the ring "Cichergh" {rCorr Int+2}
   (You found it on level 6 of the Lair of Beasts)

   [ring of resist corrosion]

   Int:       It affects your intelligence (+2).
   rCorr:     It protects you from acid and corrosion.
Wands
 e - a wand of digging (9)
 p - a wand of charming (10)
 s - a wand of iceblast (14)
 K - a wand of paralysis (35)
 Q - a wand of flame (36)
 T - a wand of mindburst (9)
 X - a wand of polymorph (13)
Scrolls
 g - 11 scrolls of teleportation
 j - 5 scrolls of identify
 l - 2 scrolls of fear
 n - 2 scrolls of summoning
 z - 7 scrolls of magic mapping
 A - 6 scrolls of vulnerability
 C - 5 scrolls of blinking
 F - 4 scrolls of fog
 Z - a scroll of silence
Potions
 f - 7 potions of lignification
 h - 17 potions of haste
 o - 4 potions of resistance
 r - 4 potions of ambrosia
 t - 6 potions of attraction
 w - 2 potions of heal wounds
 x - 9 potions of curing
 W - 3 potions of might
Miscellaneous
 y - a phial of floods
 I - a condenser vane (inert)
 S - a phantom mirror


   Skills:
 - Level 22.0 Fighting
 - Level 20.0 Axes
 + Level 6.1 Bows
 - Level 16.0 Armour
 + Level 17.9 Dodging
 - Level 12.0 Evocations


You had 17 spell levels left.
You didn't know any spells.
Your spell library was empty.

Dungeon Overview and Level Annotations

Branches:
Dungeon (15/15)            Temple (0/1) D:4            Lair (6/6) D:9
 Shoals (4/4) Lair:2        Snake (4/4) Lair:3        Slime (0/5) Lair:6
    Orc (2/2) D:10            Elf (0/3) Orc:2        Vaults (0/5) D:13
 Depths (0/5) D:15          Sewer (visited)         Ossuary (visited)
 Bailey (visited)         Volcano (visited)

Altars:
Cheibriados
Dithmenos
Elyvilon
Hepliaklqana
Kikubaaqudgha
Qazlal
Ru
Xom
Yredelemnul
Zin
Jiyva

Shops:
D:2 ?   D:3 *   Orc:2 =*[(   Shoals:1 *   Shoals:2 (   Snake:1 [   Snake:2 (
Snake:3 *!!*   Snake:4 !

Annotations:
D:9 1 runed translucent door
D:11 exclusion: downstairs


Innate Abilities, Weirdness & Mutations

You have a pair of horns on your head.
You reflexively headbutt those who attack you in melee.


Message History

The manticore is struck by lightning.
You kill the manticore!
Trog accepts your kill.
A merfolk comes into view. It is wielding a +0 trident. x2
The merfolk misses you.
The merfolk impaler hits you but does no damage.
The merfolk siren hits you but does no damage.
The merfolk hits you from afar with a +0 spear!
* * * LOW HITPOINT WARNING * * *
The snapping turtle is struck by lightning.
Blink to where?
Press: ? - help, Dir - move target You cannot blink away from the merfolk siren!
Blink to where?
Press: ? - help, Dir - move target You cannot blink away from the merfolk siren!
Blink to where?
Press: ? - help, Dir - move target You cannot blink away from the merfolk siren!
Blink to where?
Press: ? - help, Dir - move target, f - you
Okay, then.
Unknown command.
Blink to where?
Press: ? - help, Dir - move target You cannot blink away from the merfolk siren!
Blink to where?
Press: ? - help, Dir - move target, f - you
Okay, then.
Unknown command.
As you read the scroll of fog, it crumbles to dust.
The scroll dissolves into smoke.
A merfolk siren comes into view. It is wielding a +0 spear.
The merfolk avatar chants a haunting song.
The merfolk impaler hits you from afar with a +0 vampiric trident!
* * * LOW HITPOINT WARNING * * *
The merfolk hits you with a +0 trident.
* * * LOW HITPOINT WARNING * * *
The satyr shoots an arrow.
The arrow hits you!
You die...

≈≈≈≈≈≈≈≈≈,,,,,,P..P##,,....#≈,,≈,
≈≈≈≈≈≈≈,,.#..m.......##..PP##..≈≈
≈≈≈≈≈≈≈,,......m..m..mc...PP#c.,,
≈≈≈≈≈,,,,.m..m..H..§§§c.#E..mc...
≈≈≈≈≈,,,,.......c..§§§§§.....m.≈.
≈≈≈≈≈,,,,.......m..§§§§§).m.##≈≈≈
≈≈≈≈≈,,,,.....§mmcmccH.§.m..≈≈≈≈≈
≈≈≈≈≈,,,,.....)§c§§§S§§§†...$≈≈≈≈
≈≈≈≈≈,,,,......m@m§§t§§....≈.≈...
≈≈≈≈≈,,,,......§§§§t§tH§†..c≈....
≈≈≈≈≈,,,,.#.#.§.§§.≈m.cm≈.H......
≈≈≈≈≈,,,,,#.$P..§§?..≈c≈≈≈....#..
≈≈≈≈,,,,,,##....#≈≈≈≈≈≈≈≈≈≈......
≈≈≈≈,,,,,,.....P#P≈≈≈≈≈≈≈≈≈≈P....
≈≈≈≈,,,,,P......#P≈≈≈≈≈≈≈≈≈≈≈≈≈≈.
≈≈≈≈≈,,,*...)...#.≈≈≈≈≈≈≈≈≈≈≈P≈P.
≈≈≈≈≈,,,*,.....PP.≈≈≈≈≈≈≈≈≈≈≈≈≈≈≈


You could see an alligator snapping turtle, a merfolk avatar (mesmerising), 2
merfolk impalers, a merfolk javelineer, 3 satyrs, a sea snake, 2 snapping
turtles, 7 merfolk, 6 fauns, 3 manticores, 2 merfolk sirens and a water nymph.

Vanquished Creatures
  Asterion (Snake:3)
  Gastronok (D:8)
  4 nagarajas (Snake:4)
  A fenstrider witch (Shoals:3)
  Ilsuiw (Shoals:3)
  An orc warlord (Orc:2)
  A stone giant (D:15)
  2 merfolk javelineers (Shoals:2)
  Snorg (Orc:2)
  6 merfolk impalers
  A fire dragon (Shoals:3)
  Josephine (Lair:4)
  2 salamander tyrants (Snake:4)
  6 hydras
  Fannar (D:11)
  A rakshasa (D:15)
  3 vault guards (D:13)
  9 naga warriors
  12 anacondas
  An ice dragon (Shoals:3)
  An ogre mage (D:15)
  7 centaur warriors
  6 boulder beetles
  4 merfolk avatars (Shoals:2)
  An alligator snapping turtle (Shoals:2)
  A merfolk aquamancer (Shoals:2)
  2 catoblepae
  A satyr (Shoals:2)
  8 two-headed ogres
  An alligator (Shoals:2)
  3 death yaks (Lair:4)
  8 shock serpents
  A hell hog (Volcano)
  Sonja (Orc:2)
  Urug (D:11)
  10 naga sharpshooters
  4 orc high priests (Orc:2)
  2 fire crabs
  2 skeletal warriors (D:14)
  4 salamander mystics
  11 sea snakes
  A lindwurm (Lair:6)
  8 naga ritualists
  33 harpies
  A wizard (D:13)
  8 orc knights
  12 mana vipers
  8 orc sorcerers
  2 deep elf pyromancers
  8 ugly things (D:15)
  11 manticores
  10 salamanders
  14 fauns
  5 elephants
  4 cyclopes
  5 centaur zombies
  3 water nymphs
  17 naga magi
  A gargoyle (D:8)
  7 merfolk sirens
  43 black mambas
  2 molten gargoyles (Volcano)
  3 guardian serpents
  2 torpor snails
  A komodo dragon (shapeshifter) (D:13)
  11 cane toads
  2 freezing wraiths
  An efreet (D:13)
  9 komodo dragons
  An unseen horror (D:12)
  A yaktaur (D:10)
  2 rime drakes
  3 polar bears
  22 merfolk
  11 hornets
  4 wind drakes
  4 trolls
  17 dream sheep
  8 snapping turtles
  20 blink frogs
  4 wyverns
  21 spriggans
  10 water elementals
  7 fire bats (Volcano)
  2 vampires
  A wraith (D:12)
  53 yaks
  3 steam dragons
  A human (D:13)
  6 vampire mosquitoes
  9 basilisks
  A warg (Orc:2)
  51 nagas
  2 hell hounds (Volcano)
  An acid dragon (D:10)
  48 orc warriors
  15 water moccasins
  5 sky beasts
  3 ice beasts
  A sky beast (shapeshifter) (D:10)
  6 black bears
  11 boggarts
  8 ogres
  35 wolves (Lair:6)
  A necrophage (D:5)
  19 centaurs
  7 kobold brigands
  3 gnoll sergeants
  9 bullfrogs
  5 scorpions
  13 killer bees
  4 howler monkeys
  17 wights
  7 electric eels
  7 lava snakes (Volcano)
  A bullfrog zombie (D:6)
  25 orc priests
  5 hounds
  2 jellies (D:6)
  A bullfrog skeleton (D:6)
  2 centaur skeletons
  2 gnoll shamans
  5 iguanas
  29 orc wizards
  A killer bee zombie (D:8)
  A hound skeleton (D:3)
  A hound zombie (D:5)
  9 mummies
  52 gnolls
  10 adders
  2 river rats (Sewer)
  A white imp (D:5)
  An ufetubus (D:6)
  An adder skeleton (D:4)
  2 dart slugs
  3 worms
  113 orcs
  8 bats
  7 endoplasms
  A giant cockroach (D:3)
  2 gnoll zombies (Ossuary)
  A goblin (D:9)
  8 hobgoblins
  22 jackals
  8 kobolds
  13 ball pythons
  3 frilled lizards
  A hobgoblin zombie (Ossuary)
  3 kobold zombies
  3 orc zombies (Ossuary)
  9 rats
1214 creatures vanquished.

Vanquished Creatures (collateral kills)
  Rupert (D:15)
  The ghost of Dordric the Severer, a journeyman HOFi of Dithmenos (D:9)
  2 boulder beetles
  A two-headed ogre (D:11)
  2 skeletal warriors (D:14)
  A salamander mystic (Snake:4)
  2 cyclopes (D:11)
  A black mamba (Snake:4)
  3 wraiths (Lair:4)
14 creatures vanquished.

Vanquished Creatures (others)
  A merfolk aquamancer (Shoals:1)
  A sea snake (Shoals:4)
  Maurice (Orc:2)
  A merfolk (Shoals:2)
  A bullfrog (Lair:4)
  A bush (Lair:6)
  36 fungi
  116 plants
158 creatures vanquished.

Grand Total: 1386 creatures vanquished

Notes
Turn   | Place    | Note
-------+----------+-------------------------------------------
     0 | D:1      | porpoise the Minotaur Berserker began the quest for the
                  | Orb.
     0 | D:1      | Reached XP level 1. HP: 19/19 MP: 0/0
   122 | D:1      | Reached skill level 4 in Fighting
   130 | D:1      | Reached XP level 2. HP: 27/27 MP: 1/1
   182 | D:1      | Found a faded altar of an unknown god.
   826 | D:2      | Found Faips's Magic Scroll Boutique.
   832 | D:2      | Reached XP level 3. HP: 34/34 MP: 2/2
   836 | D:2      | Reached ** piety under Trog
   886 | D:2      | Bought a scroll of identify for 22 gold pieces
  1281 | D:3      | Noticed an ice beast
  1296 | D:3      | Killed an ice beast
  1297 | D:3      | Reached skill level 5 in Fighting
  1297 | D:3      | Reached skill level 5 in Axes
  1297 | D:3      | Reached XP level 4. HP: 42/42 MP: 3/3
  1330 | D:3      | Found Quoxtav's General Store.
  1406 | D:3      | Found a glowing drain.
  1408 | D:3      | Reached XP level 5. HP: 48/48 MP: 4/4
  1429 | Sewer    | Entered a sewer
  1524 | Sewer    | Reached skill level 6 in Fighting
  1873 | Sewer    | Reached XP level 6. HP: 44/58 MP: 5/5
  2356 | Sewer    | Reached skill level 7 in Fighting
  2776 | Sewer    | Reached XP level 7. HP: 27/66 MP: 6/6
  3501 | Sewer    | Reached *** piety under Trog
  3735 | D:3      | Bought a scroll of identify for 22 gold pieces
  4367 | D:4      | Found a staircase to the Ecumenical Temple.
  4377 | D:4      | Reached skill level 8 in Fighting
  5282 | D:4      | Found a glowing silver altar of Zin.
  5358 | D:4      | Found a stormy altar of Qazlal.
  5358 | D:4      | Found a shimmering altar of Xom.
  5445 | D:5      | Entered Level 5 of the Dungeon
  5457 | D:4      | Reached XP level 8. HP: 75/75 MP: 7/7
  5539 | D:5      | Identified a scroll of acquirement
  5539 | D:5      | Acquired a +4 executioner's axe of draining
  5588 | D:5      | Found a sand-covered staircase.
  5667 | Ossuary  | Entered an ossuary
  5713 | Ossuary  | Reached skill level 9 in Fighting
  5827 | Ossuary  | Reached **** piety under Trog
  7017 | D:5      | Reached skill level 10 in Axes
  7017 | D:5      | Reached skill level 5 in Armour
  7355 | D:5      | Reached ***** piety under Trog
  7356 | D:5      | Reached XP level 9. HP: 70/83 MP: 8/8
  8230 | D:6      | Received a gift from Trog
  9072 | D:6      | Acquired the amulet "Uwkil" {Faith rPois rF+ Dex+4}
  9114 | D:6      | Found an ancient bone altar of Kikubaaqudgha.
  9119 | D:6      | Found a shadowy altar of Dithmenos.
  9194 | D:6      | Found a white marble altar of Elyvilon.
 10428 | D:7      | Reached skill level 5 in Dodging
 10871 | D:7      | Reached XP level 10. HP: 91/91 MP: 9/9
 11466 | D:8      | Found a sacrificial altar of Ru.
 11785 | D:8      | Noticed a gargoyle
 11795 | D:8      | Killed a gargoyle
 12005 | D:8      | Found a faded altar of an unknown god.
 12008 | D:8      | Found a hazy altar of Hepliaklqana.
 12144 | D:8      | Noticed Gastronok
 12162 | D:8      | Killed Gastronok
 13008 | D:8      | Reached XP level 11. HP: 75/97 MP: 3/10
 13142 | D:8      | Noticed a boulder beetle
 13152 | D:8      | Killed a boulder beetle
 13466 | D:9      | Reached skill level 5 in Evocations
 13594 | D:9      | Found a flagged portal.
 13689 | Bailey   | Entered a bailey
 14336 | Bailey   | Received a gift from Trog
 14468 | Bailey   | Noticed an orc knight
 14478 | Bailey   | Killed an orc knight
 14479 | Bailey   | Reached skill level 15 in Axes
 14956 | D:9      | Found a staircase to the Lair.
 15040 | D:9      | Acquired a manual of Dodging
 15042 | D:9      | Found a runed translucent gate.
 15042 | D:9      | Found a runed translucent gate.
 15043 | D:9      | Found a runed translucent gate.
 15044 | D:9      | Noticed Dordric's ghost (journeyman HOFi)
 15044 | D:9      | Noticed a nine-headed hydra
 15119 | D:9      | Found a snail-covered altar of Cheibriados.
 15127 | D:9      | Found a runed translucent door.
 15133 | D:9      | Found a basalt altar of Yredelemnul.
 15350 | D:9      | Paralysed by a hornet for 3 turns
 15354 | D:9      | Reached skill level 10 in Fighting
 15879 | D:10     | Entered Level 10 of the Dungeon
 15891 | D:10     | Found a staircase to the Orcish Mines.
 16619 | D:10     | Reached skill level 11 in Fighting
 16786 | D:10     | Noticed a two-headed ogre
 16791 | D:10     | Killed a two-headed ogre
 16890 | D:10     | Reached XP level 12. HP: 82/111 MP: 11/11
 17116 | D:10     | Reached skill level 12 in Fighting
 17179 | D:10     | Received a gift from Trog
 17183 | D:10     | Noticed a centaur warrior
 17191 | D:10     | Killed a centaur warrior
 17426 | D:10     | Noticed a boulder beetle
 17433 | D:10     | Killed a boulder beetle
 17958 | D:11     | Reached XP level 13. HP: 119/119 MP: 12/12
 18000 | D:11     | Noticed Urug
 18008 | D:11     | Killed Urug
 18171 | Lair:1   | Entered Level 1 of the Lair of Beasts
 19156 | Lair:1   | Reached skill level 13 in Fighting
 19990 | D:9      | Killed Dordric's ghost
 20194 | D:11     | Noticed Fannar
 20208 | D:11     | Killed Fannar
 21203 | D:12     | Reached skill level 14 in Fighting
 21537 | D:12     | Received a gift from Trog
 21938 | D:12     | Acquired a manual of Fighting
 23336 | Lair:2   | Reached XP level 14. HP: 105/132 MP: 13/13
 23404 | Lair:2   | Found a staircase to the Shoals.
 23547 | Lair:2   | Found a dark tunnel.
 23556 | Volcano  | Entered a volcano
 24045 | Volcano  | Found a bloodstained altar of Trog.
 24367 | Volcano  | Identified the +2 helmet of Mirth {*Corrode +Inv Int+5}
 25372 | Lair:3   | Found an ancient bone altar of Kikubaaqudgha.
 25375 | Lair:3   | Found a staircase to the Snake Pit.
 25384 | Lair:3   | Reached skill level 10 in Armour
 25395 | Lair:3   | Received a gift from Trog
 26536 | Lair:4   | Noticed Josephine
 26545 | Lair:4   | Killed Josephine
 26770 | Lair:4   | Identified the +10 war axe of Chaos {drain, rPois Int+6}
 27124 | Lair:4   | Paralysed by a hornet for 1 turns
 27863 | Lair:4   | Identified the +1 robe "Fuecon" {Harm Drain rC- Int+7}
 29770 | Lair:5   | Reached XP level 15. HP: 114/138 MP: 14/14
 30110 | Lair:5   | Received a gift from Trog
 31609 | D:13     | Reached skill level 10 in Dodging
 32026 | D:12     | Reached skill level 15 in Fighting
 32291 | D:13     | Cast into level 3 of the Abyss (a wizard)
 32355 | D:13     | Escaped the Abyss
 32588 | D:13     | Found a gate to the Vaults.
 33441 | D:2      | Bought 3 scrolls of acquirement for 1716 gold pieces
 33441 | D:2      | Acquired the +0 hat "Ytsiseet" {rElec Dex+4 SInv}
 33453 | D:2      | Acquired a +1 crystal plate armour
 33455 | D:2      | Acquired 1120 gold pieces
 34222 | D:14     | Reached skill level 16 in Fighting
 35122 | D:15     | Entered Level 15 of the Dungeon
 35459 | D:15     | Identified the +1 rapier of Vafaxt {venom, Fly Str+4}
 35504 | D:15     | Noticed Rupert
 35506 | D:15     | Paralysed by Rupert for 5 turns
 35517 | D:15     | Paralysed by Rupert for 3 turns
 35518 | D:15     | Killed Rupert
 36028 | D:15     | Paralysed by an ogre mage for 5 turns
 36037 | D:15     | Reached skill level 17 in Fighting
 36300 | D:15     | Found a staircase to the Depths.
 36357 | D:15     | Found a sacrificial altar of Ru.
 36657 | Lair:6   | Entered Level 6 of the Lair of Beasts
 37010 | Lair:6   | Reached skill level 18 in Fighting
 37181 | Lair:6   | Reached ****** piety under Trog
 37393 | Lair:6   | Reached XP level 16. HP: 154/157 MP: 15/15
 37466 | Lair:6   | Received a gift from Trog
 37648 | Lair:6   | Found a viscous altar of Jiyva.
 37653 | Lair:6   | Found a staircase to the Slime Pits.
 38423 | Lair:6   | Identified the ring "Cichergh" {rCorr Int+2}
 38754 | Orc:1    | Entered Level 1 of the Orcish Mines
 38772 | D:10     | Received a gift from Trog
 39528 | Orc:2    | Entered Level 2 of the Orcish Mines
 39533 | Orc:2    | Noticed Snorg
 39541 | Orc:2    | Killed Snorg
 39751 | Orc:2    | Found a staircase to the Elven Halls.
 40027 | Orc:2    | Noticed Sonja
 40074 | Orc:2    | Noticed Maurice
 40080 | Orc:2    | Killed Maurice
 40084 | Orc:2    | Received a gift from Trog
 40159 | Orc:2    | Killed Sonja
 40967 | Orc:2    | Received a gift from Trog
 41109 | Orc:2    | Reached skill level 15 in Armour
 41237 | Orc:2    | Reached skill level 15 in Dodging
 42093 | Orc:2    | Found Hupov's Antique Armour Shoppe.
 42099 | Orc:2    | Found Boid Heji's General Store.
 42142 | Orc:2    | Found Miotwut's Antique Weapon Emporium.
 42144 | Orc:2    | Found Cir Aria's Jewellery Shoppe.
 42172 | Orc:2    | Bought a potion of heal wounds for 75 gold pieces
 42629 | Snake:1  | Entered Level 1 of the Snake Pit
 43449 | Snake:1  | Found Joytua's Armour Shop.
 44635 | Snake:2  | Received a gift from Trog
 45525 | Snake:2  | Reached XP level 17. HP: 120/166 MP: 16/16
 45936 | Snake:2  | Reached skill level 19 in Fighting
 45946 | Snake:2  | Reached skill level 10 in Evocations
 46097 | Snake:2  | Found Motyc's Antique Weapon Shoppe.
 46939 | Snake:3  | Reached skill level 1 in Bows
 47240 | Snake:3  | Found Sirim's Distillery.
 47243 | Snake:3  | Found Owkysty's Assorted Antiques.
 47243 | Snake:3  | Found Jeonweit's General Store.
 47248 | Snake:3  | Bought a potion of heal wounds for 80 gold pieces
 47248 | Snake:3  | Found Reduz's Distillery.
 47252 | Snake:3  | Bought a scroll of magic mapping for 101 gold pieces
 47256 | Snake:3  | Bought a potion of cancellation for 136 gold pieces
 47937 | Snake:3  | Identified the +1 chain mail of the Tick {rF+}
 48021 | Snake:3  | Noticed Asterion
 48031 | Snake:3  | Killed Asterion
 48268 | Snake:3  | Identified the +2 hand axe of Yesterday {holy, rPois rF+
                  | Str+6 Dex+3}
 48582 | Snake:4  | Entered Level 4 of the Snake Pit
 49209 | Snake:4  | Reached skill level 20 in Fighting
 49214 | Snake:4  | Identified the +6 battleaxe of Doom {vorpal, rElec rF+
                  | Will-} (Trog gifted it to you on level 4 of the Snake Pit)
 49214 | Snake:4  | Received a gift from Trog
 49528 | Snake:4  | Found Bautuh's Distillery.
 50834 | Snake:4  | Bought 2 potions of haste for 220 gold pieces
 50834 | Snake:4  | Bought a potion of haste for 110 gold pieces
 51407 | Snake:4  | Received a gift from Trog
 52368 | Snake:4  | Got a serpentine rune of Zot
 52668 | Lair:1   | Upgraded the game from 0.27-a0-1347-gd8886f0a89 to
                  | 0.27-a0-1359-ga2a4dfd6fd
 52715 | Shoals:1 | Entered Level 1 of the Shoals
 52927 | Shoals:1 | Reached XP level 18. HP: 159/180 MP: 17/17
 53069 | Shoals:1 | Reached skill level 21 in Fighting
 54015 | Shoals:1 | Found Meash's Island Escapes.
 54635 | Shoals:1 | Bought a potion of haste for 100 gold pieces
 54635 | Shoals:1 | Bought 2 potions of haste for 200 gold pieces
 54635 | Shoals:1 | Bought a potion of haste for 100 gold pieces
 55284 | Shoals:2 | Received a gift from Trog
 55922 | Shoals:2 | Found Okkiax's Weapon Boutique.
 57289 | Shoals:3 | Noticed Ilsuiw
 57886 | Shoals:3 | Received a gift from Trog
 58221 | Shoals:3 | Killed Ilsuiw
 58385 | Shoals:3 | Reached skill level 22 in Fighting
 59395 | Shoals:3 | Reached skill level 5 in Bows
 59939 | Shoals:4 | Entered Level 4 of the Shoals
 59984 | Shoals:4 | HP: 5/184 [snapping turtle (11)]
 59987 | Shoals:4 | Shot with an arrow by a satyr

Illustrated notes

Levels and vault maps discovered:
D:1:      dpeg_arrival_arbitrary_c, layout_basic,
          shapermc_ecumenical_altar_totnotflames
D:2:      layout_rooms, serial_shops, shop
D:3:      layout_rooms, portal_sewer_entry_b, serial_shops,
          nicolae_shop_waterfront
D:4:      layout_rooms, zin_treasury, minitemple, minmay_temple_entry_trees
D:5:      lemuel_castle_with_subvaults [lemuel_castle_interior_original],
          layout_rooms, gup_ossuary_entry_pyramid
D:6:      layout_layer_cave, nicolae_overflow_hidden_temple,
          minmay_fractal_squares_diagonal_5
D:7:      layout_loops_ring
D:8:      wad_cavern_with_rooms, layout_cave_pools,
          beargit_hepliaklqana_dungeon_heroes, lemuel_crystal_altar,
          serial_park, minmay_misc_feat_room, uniq_gastronok
D:9:      layout_loops_corners, dk_yredelemnul_ordeal, general_overflow_altar,
          enter_bailey_4, gammafunk_ghost_hydra_chop
D:10:     minmay_ornate_pinched, layout_basic, david_orc_3, grunt_ministairs_2,
          minmay_microvault
D:11:     layout_rooms, wad_floor_pattern_1, uniq_urug, uniq_fannar
D:12:     layout_basic, serial_curves, eino_curves_03, eino_curves_02,
          eino_curves_02, eino_curves_04
D:13:     layout_cave_pools, grunt_vaults_entry_fortified,
          minmay_stone_trees_medium
D:14:     layout_gridville, minmay_misc_feat_rows
D:15:     grunt_enter_depths_giant_problem, layout_cave_pools,
          palyth_stone_intersect, nicolae_ru_path_of_blood, uniq_rupert
Lair:1:   layout_regular_city, nzn_sisyphean_effort, infiniplex_staircase_pool,
          grunt_megastairs_2
Lair:2:   layout_misc_corridors, minmay_shoals_entry_centaurs,
          lightli_volcano_entry_magma_tube, serial_bayou_shore_b
Lair:3:   cheibrodos_lair_river_kwai, layout_small_grid,
          guppyfry_snake_entry_island, basic_altar
Lair:4:   kb_forest_paths, layout_regular_city, serial_bayou_pond_d,
          uniq_josephine
Lair:5:   layout_concentric_octagons
Lair:6:   minmay_lair_end_enchanted_forest, layout_regular_city, slime_altar_1
Shoals:1: layout_shoals, nicolae_island_escapes
Shoals:2: layout_shoals, serial_shops, shop_coins,
          nicolae_shoals_siren_and_animal_friends
Shoals:3: argonaut_golden_fleece, layout_shoals,
          nicolae_shoals_beach_house_on_fowls_legs, uniq_ilsuiw
Shoals:4: shoals_end_grunt_garden, layout_shoals, serial_shops, shop,
          nicolae_shop_overcharged_wands
Snake:1:  layout_grid_maze, serial_shops, shop_fountains, st_stairs_1,
          nicolae_snake_gridmaze_entwining, serial_bayou_shore_b,
          serial_bayou_shore_a, serial_bayou_shore_b
Snake:2:  layout_chambers, serial_shops, nicolae_shop_overgrown_old_shop,
          special_room
Snake:3:  layout_chambers, minmay_shoptagon, uniq_asterion
Snake:4:  minmay_snake_end_coiled, layout_gridlike, serial_shops, shop,
          grunt_megastairs_5
Orc:1:    layout_caves
Orc:2:    st_orc_congregation, layout_diamond_mine, lightli_orcish_oven,
          uniq_snorg, uniq_sonja, uniq_maurice

Skill      XL: |  1  2  3  4  5  6  7  8  9 10 11 12 13 14 15 16 17 18 |
---------------+-------------------------------------------------------+-----
Fighting       | 4 5 6 7 8 9 11 12 14 18 20 22 | 22.0
Axes           | 4 5 6 7 8 10 12 14 16 18 19 20 | 20.0
Armour         | 6 7 8 12 13 16 | 16.0
Dodging        | 5 7 8 12 16 17 | 17.9
Evocations     | 4 5 9 12 | 12.0
Bows           | 4 6 |  6.1

Action                   |  1- 3 |  4- 6 |  7- 9 | 10-12 | 13-15 | 16-18 || total
-------------------------+-------+-------+-------+-------+-------+-------++-------
Melee: Hand axe          |    67 |    92 |    72 |       |       |       ||   231
       Headbutt          |    13 |    13 |    51 |    52 |   196 |   253 ||   578
       War axe           |       |       |   176 |       |       |       ||   176
       Battleaxe         |       |       |    50 |   263 |   735 |   960 ||  2008
 Fire: Hand crossbow     |       |       |   199 |    64 |   167 |   281 ||   711
       Hunting sling     |       |       |       |    39 |       |       ||    39
       Longbow           |       |       |       |       |       |   138 ||   138
Throw: Dart              |    12 |       |    21 |     6 |     5 |     3 ||    47
       Boomerang         |       |       |       |     1 |       |       ||     1
       Javelin           |       |       |       |       |     4 |     8 ||    12
Invok: Berserk           |     2 |     1 |     5 |     7 |    10 |     7 ||    32
       Brothers in Arms  |       |       |       |       |     6 |     3 ||     9
       Trog's Hand       |       |       |       |       |     4 |     3 ||     7
Evoke: Wand              |       |       |       |     7 |    12 |     8 ||    27
       Condenser vane    |       |       |       |       |       |     3 ||     3
  Use: Scroll            |     1 |     1 |    14 |     9 |    14 |    13 ||    52
       Potion            |       |       |       |     4 |       |     8 ||    12
 Stab: Petrified         |       |       |       |       |     5 |       ||     5
       Petrifying        |       |       |       |       |     1 |       ||     1
       Paralysed         |       |       |       |       |       |     1 ||     1
       Distracted        |       |       |       |       |       |     1 ||     1
Armor: Ring mail         |    12 |       |       |       |       |       ||    12
       Plate armour      |    19 |    46 |   204 |   132 |    90 |       ||   491
       Fire dragon scale |       |       |       |       |   164 |       ||   164
       Crystal plate arm |       |       |       |       |    98 |   739 ||   837
Dodge: Dodged            |    29 |    35 |   118 |   130 |   374 |   832 ||  1518

Table legend: (Time is in decaauts)
 A = Elapsed time spent in this place.
 B = Non-inter-level travel time spent in this place.
 C = Inter-level travel time spent in this place.
 D = Time resting spent in this place.
 E = Time spent auto-exploring this place.
 F = Levels seen in this place.
 G = Mean time per level.
                   A        B        C        D        E       F      G
               +--------+--------+--------+--------+--------+-----+--------+
         Total |  60467 |  56761 |   3706 |  23659 |  22101 |  36 | 1679.6 |
       Dungeon |  24124 |  22489 |   1635 |   9333 |   9730 |  15 | 1608.3 |
          Lair |  11758 |  10430 |   1328 |   3672 |   4513 |   6 | 1959.7 |
        Shoals |   6762 |   6446 |    316 |   2938 |   2599 |   4 | 1690.5 |
     Snake Pit |   9773 |   9464 |    309 |   4023 |   3954 |   4 | 2443.2 |
  Orcish Mines |   3198 |   3081 |    117 |    887 |   1048 |   2 | 1599.0 |
         Abyss |     62 |     62 |      0 |      0 |      0 |   1 |   62.0 |
         Sewer |   2416 |   2416 |      0 |   1630 |    119 |   1 | 2416.0 |
       Ossuary |    497 |    497 |      0 |    204 |     75 |   1 |  497.0 |
        Bailey |   1045 |   1045 |      0 |    514 |     61 |   1 | 1045.0 |
       Volcano |    827 |    827 |      0 |    454 |      0 |   1 |  827.0 |
               +--------+--------+--------+--------+--------+-----+--------+

Top non-repeatable levels by time:
 Snake:3: 3040 daAuts
  Lair:4: 2935 daAuts
  Lair:1: 2897 daAuts
    D:12: 2824 daAuts
   Orc:2: 2708 daAuts
 Snake:4: 2581 daAuts
Shoals:2: 2560 daAuts
    D:10: 2439 daAuts
   Sewer: 2416 daAuts
Shoals:1: 2361 daAuts
 Snake:2: 2313 daAuts
     D:6: 2141 daAuts
     D:9: 2043 daAuts
     D:8: 1966 daAuts
     D:5: 1937 daAuts
